Map: Acolyte LE

Players

Classic

  • Race: Protoss Protoss
  • League: Master
  • Spawn Location: 1:00

Ryung - Winner!

  • Race: Terran Terran
  • League: Master
  • Spawn Location: 7:00

VOD

https://www.twitch.tv/videos/165903033

Description

Time

  • Played on: Aug. 10, 2017, 12:31 p.m.
  • Length: 13:34
Show
View Real Time Build Order
Export as new Build Order

Classic Protoss 

Build Orders: 1 Gate Expand, Oracle Opening 

Get SALT Encoding   

  12  0:00  Probe (Chrono Boost)  
  13  0:11  Probe (Chrono Boost)  
  14  0:17  Pylon  
  14  0:22  Probe (Chrono Boost)  
  15  0:35  Probe (Chrono Boost)  
  16  0:36  Gateway  
  16  0:43  Assimilator  
  16  0:46  Probe (Chrono Boost)  
  17  0:56  Probe (Chrono Boost)  
  18  1:07  Probe (Chrono Boost)  
  19  1:24  Nexus  
  19  1:30  Cybernetics Core  
  20  1:33  Probe (Chrono Boost)  
  20  1:39  Assimilator  
  20  1:43  Probe (Chrono Boost)  
  21  1:49  Pylon  
  21  1:54  Probe (Chrono Boost)  
  22  2:02  Pylon  
  22  2:04  Probe (Chrono Boost)  
  23  2:09  Adept (Chrono Boost)  
  25  2:17  Probe  
  26  2:23  Stargate  
  26  2:26  Warp Gate  
  26  2:29  Probe (Chrono Boost)  
  27  2:36  Probe (Chrono Boost)  
  28  2:40  Probe (Chrono Boost)  
  28  2:42  Adept  
  31  2:48  Probe (Chrono Boost)  
  31  2:51  Probe (Chrono Boost)  
  33  2:58  Probe (Chrono Boost)  
  33  3:01  Probe (Chrono Boost)  
  35  3:08  Probe (Chrono Boost)  
  35  3:09  Oracle (Chrono Boost)  
  35  3:12  Probe  
  40  3:14  Adept  
  40  3:18  Probe  
  43  3:24  Probe  
  44  3:28  Probe  
  44  3:32  Pylon  
  45  3:36  Probe  
  45  3:39  Probe  
  45  3:40  Oracle (Chrono Boost)  
  50  3:48  Mothership Core  
  50  3:49  Probe  
  53  3:59  Nexus  
  53  4:02  Pylon  
  53  4:05  Probe (Chrono Boost)  
  53  4:09  Probe (Chrono Boost)  
  55  4:11  Assimilator  
  55  4:14  Twilight Council  
  55  4:15  Assimilator  
  55  4:17  Forge  
  55  4:21  Probe x2 (Chrono Boost)  
  57  4:33  Probe x2 (Chrono Boost)  
  57  4:35  Blink  
  57  4:37  Gateway  
  59  4:40  Gateway  
  59  4:43  Probe x2 (Chrono Boost)  
  59  4:44  Protoss Ground Weapons Level 1 (Chrono Boost)  
  61  4:46  Pylon  
  61  4:54  Probe  
  61  4:58  Robotics Facility  
  62  5:01  Probe  
  62  5:06  Probe  
  64  5:10  Probe  
  64  5:13  Probe  
  66  5:21  Probe, Gateway  
  66  5:22  Probe, Gateway  
  66  5:23  Gateway  
  66  5:25  Probe  
  69  5:28  Pylon  
  69  5:31  Probe  
  69  5:33  Sentry  
  69  5:34  Probe, Sentry x2  
  77  5:37  Probe  
  77  5:38  Pylon  
  78  5:45  Gateway  
  78  5:46  Observer (Chrono Boost)  
  79  5:50  Probe x2  
  79  5:51  Probe  
  79  5:56  Assimilator  
  82  5:59  Pylon  
  82  6:01  Stalker x3  
  88  6:05  Observer (Chrono Boost)  
  88  6:08  Probe x3  
  89  6:12  Assimilator  
  89  6:17  Pylon  
  89  6:18  Protoss Ground Armor Level 1  
  89  6:20  Probe x3  
  89  6:24  Observer (Chrono Boost), Pylon  
  93  6:27  Stalker x5  
  93  6:29  Charge, Stalker  
  105  6:36  Pylon  
  105  6:46  Observer (Chrono Boost)  
  106  7:01  Nexus  
  106  7:03  Robotics Bay  
  106  7:04  Robotics Facility, Warp Prism (Chrono Boost)  
  108  7:14  Pylon  
  108  7:17  Probe x3  
  111  7:23  Stalker x2  
  111  7:26  Pylon  
  115  7:34  Stalker x5  
  125  7:38  Observer (Chrono Boost)  
  126  7:46  Probe x3  
  129  7:52  Colossus (Chrono Boost)  
  129  7:56  Colossus (Chrono Boost)  
  141  8:06  Zealot x7, Protoss Ground Weapons Level 2  
  141  8:07  Extended Thermal Lance  
  141  8:08  Pylon  
  155  8:30  Assimilator  
  155  8:36  Assimilator  
  155  8:37  Gateway  
  155  8:38  Gateway  
  155  8:40  Pylon  
  155  8:43  Colossus x2 (Chrono Boost)  
  155  8:45  Pylon  
  167  8:51  Zealot x2  
  171  8:58  Zealot  
  171  9:01  Pylon  
  173  9:05  Forge  
  173  9:12  Templar Archives  
  173  9:14  Zealot x4  
  181  9:19  Pylon  
  179  9:26  Stargate  
  178  9:35  Zealot x7  
  178  9:37  Immortal (Chrono Boost)  
  178  9:38  Immortal (Chrono Boost)  
  200  9:48  Photon Cannon  
  200  9:52  Photon Cannon  
  200  9:56  Photon Cannon  
  200  9:57  Photon Cannon  
  200  10:07  High Templar x4  
  192  10:10  Warp Prism (Chrono Boost)  
  153  11:06  Zealot x6  
  163  11:17  Stargate  
  154  11:19  Stargate  
  154  11:22  Stargate  
  154  11:23  Mothership Core (Chrono Boost)  
  142  11:28  Zealot x2  
  142  11:29  Zealot x2  
  146  11:34  Probe (Chrono Boost)  
  146  11:36  Probe (Chrono Boost)  
  137  11:44  Probe (Chrono Boost)  
  137  11:46  Pylon, Probe (Chrono Boost)  
  139  11:48  Zealot x2  
  143  11:55  Probe (Chrono Boost)  
  143  11:57  Probe (Chrono Boost)  
  143  11:59  Archon x2  
  144  12:05  Probe (Chrono Boost)  
  144  12:07  Probe (Chrono Boost)  
  140  12:13  Cybernetics Core  
  133  12:16  Probe (Chrono Boost)  
  133  12:17  Probe x2 (Chrono Boost)  
  133  12:18  Pylon, Probe (Chrono Boost)  
  135  12:26  Probe (Chrono Boost)  
  135  12:29  Pylon  
  127  12:32  Probe (Chrono Boost)  
  127  12:33  Probe (Chrono Boost)  
  128  12:37  Probe (Chrono Boost)  
  128  12:40  Pylon  
  126  12:49  Stalker x2  
  126  12:50  Stalker x4  
  117  12:54  Gateway  
  117  12:55  Gateway  
  117  12:57  Templar Archives  
  115  13:00  Probe (Chrono Boost)  
  115  13:01  Probe x2 (Chrono Boost)  
  115  13:04  Stalker  
Show
View Real Time Build Order
Export as new Build Order

Ryung Terran - Winner!

Build Orders: MMM Bio 

Get SALT Encoding   

  12  0:01  SCV  
  13  0:13  SCV  
  14  0:17  Supply Depot  
  14  0:25  SCV  
  15  0:39  SCV  
  15  0:40  Barracks  
  16  0:43  Refinery  
  16  0:51  SCV  
  17  1:03  SCV  
  18  1:15  SCV  
  19  1:27  Marine, Orbital Command  
  20  1:40  Command Center  
  20  1:45  Barracks Reactor  
  20  1:52  SCV  
  21  2:04  Supply Depot  
  21  2:05  SCV  
  22  2:17  SCV  
  23  2:26  Marine, Reaper  
  23  2:29  SCV  
  26  2:31  Command Center  
  26  2:38  Barracks  
  26  2:41  SCV  
  27  2:45  Marine  
  28  2:53  SCV  
  28  2:54  Orbital Command  
  28  2:58  Marine  
  30  3:05  Marine, SCV  
  32  3:09  Engineering Bay  
  32  3:18  Marine  
  33  3:20  SCV x2  
  33  3:22  Marine  
  33  3:26  Barracks Tech Lab  
  36  3:32  SCV x2  
  38  3:36  Marine  
  38  3:37  Terran Infantry Weapons Level 1  
  38  3:39  Missile Turret  
  38  3:40  Marine  
  40  3:45  Orbital Command  
  40  3:46  SCV x2  
  42  3:51  Stimpack  
  42  3:52  Marine  
  42  3:59  SCV x2, Marine x2  
  45  4:02  Factory  
  45  4:10  Marine  
  45  4:11  SCV x2  
  45  4:15  Refinery  
  48  4:18  Missile Turret  
  48  4:19  SCV  
  48  4:23  SCV x2  
  50  4:25  Marine x2  
  50  4:28  Marine  
  51  4:32  SCV  
  51  4:35  SCV  
  51  4:38  Barracks  
  53  4:43  Marine x2  
  53  4:44  SCV x2  
  57  4:46  Marine  
  57  4:47  SCV, Supply Depot  
  57  4:49  Starport, Factory Reactor  
  59  4:57  SCV x2, Refinery x2  
  61  5:04  Supply Depot  
  61  5:05  SCV  
  61  5:13  SCV x2  
  62  5:18  Marine x3  
  62  5:19  SCV  
  62  5:20  Orbital Command  
  65  5:21  Supply Depot  
  65  5:25  SCV  
  66  5:31  SCV, Barracks Tech Lab  
  66  5:32  Factory Reactor  
  67  5:35  Medivac  
  67  5:38  SCV, Medivac  
  67  5:39  Marine x3, Bunker  
  67  5:41  Barracks, Supply Depot  
  75  5:43  SCV  
  75  5:44  Barracks  
  75  5:48  SCV  
  77  5:50  SCV  
  77  5:55  SCV  
  79  5:58  Marauder x2, Combat Shields  
  79  6:00  Terran Infantry Armor Level 1, SCV  
  79  6:01  Supply Depot  
  79  6:02  SCV  
  85  6:06  Supply Depot  
  85  6:07  SCV  
  85  6:09  Medivac  
  86  6:11  Medivac  
  86  6:12  SCV  
  86  6:14  SCV  
  86  6:18  Widow Mine  
  90  6:19  SCV  
  90  6:22  Refinery x2, Widow Mine  
  90  6:23  Supply Depot  
  95  6:26  Supply Depot  
  95  6:27  SCV x2  
  95  6:31  SCV  
  98  6:33  Barracks Reactor, Barracks Tech Lab, Marine  
  98  6:34  Liberator, Marine  
  98  6:35  Marauder x2, Liberator  
  98  6:39  SCV x2  
  105  6:49  SCV, Missile Turret  
  105  6:51  SCV x2  
  114  6:58  Missile Turret, Supply Depot  
  114  7:00  Marauder x3, Supply Depot  
  120  7:02  Marine x2  
  120  7:04  Widow Mine  
  124  7:14  SCV  
  125  7:16  Supply Depot  
  125  7:19  Widow Mine  
  125  7:20  SCV x2, Armory  
  125  7:22  Liberator  
  129  7:25  Marauder x3  
  129  7:29  Liberator, Starport  
  134  7:30  Fusion Core  
  134  7:36  Missile Turret  
  137  7:50  Marine x4  
  148  7:51  Marauder x2  
  148  7:56  Supply Depot  
  148  7:58  Supply Depot  
  148  7:59  Marauder  
  148  8:00  Supply Depot  
  150  8:08  Terran Infantry Weapons Level 2  
  150  8:15  Liberator x2  
  150  8:16  Marine x4  
  150  8:17  Marauder x2  
  155  8:20  Marauder  
  155  8:24  Starport Tech Lab  
  157  8:31  Supply Depot  
  157  8:32  Supply Depot  
  163  8:34  Terran Ship Weapons Level 1  
  163  8:43  Liberator  
  163  8:45  Advanced Ballistics  
  163  8:57  Liberator  
  163  8:58  Liberator  
  163  8:59  Marauder x3  
  163  9:00  Command Center  
  170  9:03  Marine x4, Supply Depot  
  170  9:04  Supply Depot  
  174  9:12  Missile Turret  
  180  9:29  Marauder x3, Marine x4  
  190  9:40  Liberator, Barracks x2  
  190  9:41  Barracks, Missile Turret  
  190  9:44  Missile Turret  
  190  9:51  Liberator  
  190  9:55  Marauder  
  190  9:56  Marauder x2  
  199  10:05  Liberator x2  
  189  10:21  Marauder  
  189  10:22  Marauder x2  
  200  10:30  Terran Infantry Weapons Level 3  
  198  10:40  Marine x3  
  190  11:02  Marauder  
  165  11:18  Marauder  
  165  11:20  Marauder  
  165  11:25  Command Center  
  165  11:28  Supply Depot  
  165  11:30  Supply Depot x2  
  165  11:31  Supply Depot  
  165  11:32  Liberator x2  
  165  11:33  Liberator  
  165  11:34  Liberator  
  165  11:40  Barracks Reactor, Barracks Tech Lab x2  
  156  12:04  Marauder x5, Marine x4  
  166  12:16  Marine x2  
  162  12:51  Marauder  
  162  12:52  Marauder x2, Command Center  
Tags
 
Add a new tag
Caveats
  • Supply blocks, unpowered buildings, or Contaminate may cause inaccurate times.
  • Supply counts are checked every 10 seconds.